 Dungeon Crawl Stone Soup version 0.27-a0-899-ge2d0b17c59 (webtiles) character file.

Game seed: 3177041195068203525

2674 Grognak the Basher (level 9, -2/85 HPs)
             Began as a Minotaur Fighter on Apr 5, 2021.
             Was a Believer of Okawaru.
             Killed by drain life
             ... invoked by a soul eater
             ... summoned by an orc high priest
              (19 damage)
             ... in a bailey.
             The game lasted 00:13:46 (6925 turns).

Grognak the Basher (Minotaur Fighter)               Turns: 6925, Time: 00:13:46

Health: -2/85      AC: 13    Str: 21    XL:     9   Next: 37%
Magic:  0/8        EV:  6    Int:  5    God:    Okawaru [**....]
Gold:   253        SH: 13    Dex: 19    Spells: 8/8 levels left

rFire    . . .     SeeInvis .   a - +1 flail
rCold    . . .     Faith    .   c - +1 kite shield
rNeg     . . .     Spirit   +   l - +0 plate armour
rPois    .         Reflect  .   (helmet restricted)
rElec    .         Harm     .   (no cloak)
rCorr    +         Rampage  .   (no gloves)
Will     .....                  (no boots)
Stlth    ..........             m - amulet of guardian spirit
HPRegen  0.24/turn              e - +6 ring of dexterity
MPRegen  0.11/turn              h - ring of resist corrosion

@: weakened, invisible
A: horns 2, retaliatory headbutt, fangs 1, robust 1
a: Renounce Religion, Heroism


You were in a bailey.
You worshipped Okawaru.
Okawaru was pleased with you.
You visited 2 branches of the dungeon, and saw 8 of its levels.
You also visited: Ossuary and Bailey.

You collected 253 gold pieces.

Inventory:

Hand Weapons
 a - a +1 flail (weapon)
 f - a +0 morningstar
 k - a +1 mace of protection
Armour
 b - a +0 scale mail
 c - a +1 kite shield (worn)
 l - a +0 plate armour (worn)
Jewellery
 e - a +6 ring of dexterity (left hand)
 h - a ring of resist corrosion (right hand)
 m - an amulet of guardian spirit (around neck)
 s - an amulet of magic regeneration
Wands
 d - a wand of polymorph (5)
 u - a wand of digging (4)
 w - a wand of paralysis (7)
 x - a wand of flame (11)
Scrolls
 i - 2 scrolls of teleportation
 j - 5 scrolls of identify
 o - 3 scrolls of blinking
Potions
 g - 6 potions of flight
 n - a potion of might
 t - 2 potions of curing


   Skills:
 * Level 6.4 Fighting
 * Level 9.5 Maces & Flails
 * Level 8.3 Armour
 + Level 1.5 Dodging
 + Level 1.0 Stealth
 * Level 8.6 Shields


You had 8 spell levels left.
You didn't know any spells.
Your spell library contained the following spells:

 Spells                   Type           Power      Damage    Failure   Level
 Animate Skeleton         Necr           0%         N/A       100%        1
 Apportation              Tloc           0%         N/A       100%        1
 Corona                   Hex            0%         N/A       100%        1
 Summon Small Mammal      Summ           0%         N/A       100%        1


Dungeon Overview and Level Annotations

Branches:
Dungeon (7/15)             Temple (1/1) D:5         Ossuary (visited)
 Bailey (1/1)

Altars:
Ashenzari
Elyvilon
Fedhas
Hepliaklqana
Makhleb
Okawaru
Qazlal
Ru
Sif Muna
Vehumet
Wu Jian
Xom
Yredelemnul
Zin
The Shining One

Shops:
D:4 [[*:(

Annotations:
D:6 2 transporters, pkoi's ghost, amateur MiGl


Innate Abilities, Weirdness & Mutations

You have a pair of horns on your head.
You reflexively headbutt those who attack you in melee.
You have very sharp teeth.
You are robust. (+10% HP)


Message History

You block the orange demon's attack. The orange demon hits you.
You feel your attacks grow feeble.
You hit the orange demon.
You kill the orange demon!
You feel like a meek peon again.
The orc high priest mumbles some strange prayers.
You block the orc sorcerer's attack.
The orc warrior cheers to no one in particular.
You closely miss the orc high priest. You headbutt the orc high priest!
The orc high priest is lightly wounded.
The orc high priest mumbles some strange prayers to Beogh against you.
Pain shoots through your body!
The orc sorcerer hits you with a +0 war axe.
You sock the orc sorcerer!
You headbutt the orc sorcerer, but do no damage.
The orc sorcerer is moderately wounded.
You block the orc high priest's attack.
The orc sorcerer hits you with a +0 war axe.
You hit the orc sorcerer.
You headbutt the orc sorcerer, but do no damage.
Your bite misses the orc sorcerer.
The orc sorcerer is moderately wounded.
The orc high priest invokes the aid of Beogh against you.
Pain shoots through your body!
* * * LOW HITPOINT WARNING * * *
The orc sorcerer casts a spell.
You hit the orc sorcerer. You headbutt the orc sorcerer.
The orc sorcerer is heavily wounded.
The orc high priest mumbles some strange prayers to Beogh.
The orc sorcerer hits you with a +0 war axe.
* * * LOW HITPOINT WARNING * * *
The chaos spawn ululates chillingly with its many mouths.
The orc high priest mumbles some strange prayers to Beogh against you.
Pain shoots through your body!
* * * LOW HITPOINT WARNING * * *
You fade into invisibility!
The orc sorcerer hits you with a +0 war axe.
* * * LOW HITPOINT WARNING * * *
The soul eater draws from the surrounding life force!
You die...

####++#.)≈≈≈≈....
#.....#))≈≈≈≈....
#....##.....'..........
#._..##..⌠..'.......... ##
#.g..##.....'..........
#..#...o##.....#.≈≈≈≈≈....
#..#..oo#####''#.≈≈≈≈≈....
#..#....#......#.≈≈≈≈≈.###
#....#@.....#.≈≈≈≈≈≈#
#.4ooo..######≈≈≈≈≈#
+.838.8.# #≈≈≈≈≈#
#..4.3..# #≈≈≈≈≈#
#+####### #≈≈≈≈≈# #≈≈≈≈≈#
#≈≈≈≈≈#


You could see a soul eater (summoned), an orc high priest, a hellwing
(summoned), a sixfirhy (summoned), a chaos spawn (summoned), an orc sorcerer and
an orc warrior.

Vanquished Creatures
  A wyvern (D:7)
  4 orc warriors
  2 black bears
  2 water moccasins (D:5)
  3 ogres
  2 centaurs
  A phantom (D:4)
  2 scorpions
  2 water moccasin zombies (Ossuary)
  A water moccasin skeleton (D:5)
  3 wights (D:6)
  A howler monkey (D:5)
  An electric eel (D:6)
  3 jellies
  A bullfrog skeleton (D:5)
  3 orc priests
  4 centaur skeletons
  A hound (D:5)
  Jessica (D:3)
  An iguana (D:4)
  2 orc wizards
  2 killer bee zombies
  A hound zombie (D:5)
  A hound skeleton (D:4)
  3 mummies
  A gnoll (Bailey)
  7 adders
  2 river rats (D:4)
  3 white imps
  2 ufetubi
  2 adder zombies (Ossuary)
  An adder skeleton (D:5)
  A worm (D:3)
  3 dart slugs
  22 orcs
  2 bats
  9 endoplasms
  3 giant cockroaches (D:2)
  A gnoll zombie (Ossuary)
  9 goblins
  7 hobgoblins
  6 kobolds
  5 quokkas
  4 ball pythons
  A frilled lizard (D:1)
  4 hobgoblin zombies (Ossuary)
  9 kobold zombies (Ossuary)
  10 orc zombies (Ossuary)
  7 rats
169 creatures vanquished.

Notes
Turn   | Place    | Note
-------+----------+-------------------------------------------
     0 | D:1      | Grognak the Minotaur Fighter began the quest for the Orb.
     0 | D:1      | Reached XP level 1. HP: 19/19 MP: 0/0
   153 | D:1      | Reached XP level 2. HP: 27/27 MP: 1/1
   804 | D:2      | Reached XP level 3. HP: 32/33 MP: 2/2
   969 | D:2      | Reached skill level 3 in Maces & Flails
  1532 | D:3      | Noticed Jessica
  1537 | D:3      | Killed Jessica
  1538 | D:3      | Reached XP level 4. HP: 37/40 MP: 3/3
  1581 | D:3      | Reached skill level 4 in Maces & Flails
  1930 | D:3      | Found a faded altar of an unknown god.
  1934 | D:3      | Reached XP level 5. HP: 46/46 MP: 4/4
  2171 | D:3      | Found a glowing silver altar of Zin.
  2302 | D:4      | Found Hozxugg's General Store.
  2322 | D:4      | Reached skill level 5 in Armour
  2496 | D:4      | Found Iphaucye's Armour Emporium.
  2505 | D:4      | Noticed an ogre
  2509 | D:4      | Found Tuczocim's Antique Armour Emporium.
  2512 | D:4      | Killed an ogre
  2620 | D:4      | Found a glowing golden altar of the Shining One.
  2629 | D:4      | Found Qeok's Antique Weapon Shop.
  2657 | D:4      | Found Zoakh's Book Shop.
  2657 | D:4      | Noticed a phantom
  2674 | D:4      | Killed a phantom
  2675 | D:4      | Reached skill level 1 in Dodging
  2675 | D:4      | Reached XP level 6. HP: 35/53 MP: 5/5
  2683 | D:4      | Reached skill level 5 in Maces & Flails
  3067 | D:4      | Reached skill level 5 in Shields
  3592 | D:5      | Entered Level 5 of the Dungeon
  3604 | D:5      | Found a radiant altar of Vehumet.
  3612 | D:5      | Reached XP level 7. HP: 44/60 MP: 6/6
  3742 | D:5      | Reached skill level 6 in Maces & Flails
  3835 | D:5      | Reached skill level 5 in Fighting
  3886 | D:5      | Reached XP level 8. HP: 52/68 MP: 7/7
  3930 | D:5      | Found a sand-covered staircase.
  3938 | Ossuary  | Entered an ossuary
  4307 | Ossuary  | Reached skill level 7 in Maces & Flails
  4406 | Ossuary  | Gained mutation: You are robust. (+10% HP) [potion of
                  | mutation]
  4406 | Ossuary  | Gained mutation: You have very sharp teeth. [potion of
                  | mutation]
  4654 | D:5      | Reached skill level 8 in Maces & Flails
  4665 | D:5      | Found a broken altar of Ashenzari.
  4805 | D:5      | Reached skill level 1 in Stealth
  4948 | D:5      | Found a staircase to the Ecumenical Temple.
  4960 | Temple   | Entered the Ecumenical Temple
  4985 | Temple   | Became a worshipper of Warmaster Okawaru
  5439 | D:6      | Found a transporter.
  5439 | D:6      | Noticed pkoi's ghost (amateur MiGl)
  5444 | D:6      | Found a transporter.
  5534 | D:6      | Reached * piety under Okawaru
  5776 | D:6      | Reached XP level 9. HP: 53/82 MP: 8/8
  5784 | D:6      | Reached skill level 9 in Maces & Flails
  6767 | D:7      | Found a flagged portal.
  6779 | Bailey   | Entered a bailey
  6820 | Bailey   | Reached ** piety under Okawaru
  6902 | Bailey   | Found an iron altar of Okawaru.
  6902 | Bailey   | Noticed an orc high priest
  6902 | Bailey   | Noticed an orc sorcerer
  6904 | Bailey   | Noticed an orange demon
  6918 | Bailey   | Noticed a soul eater
  6925 | Bailey   | Noticed a sixfirhy
  6925 | Bailey   | Noticed a hellwing
  6925 | Bailey   | Killed from afar by a soul eater

Illustrated notes

Levels and vault maps discovered:
D:1:      ncdulo_halloftheorcs, layout_rooms
D:2:      layout_rooms, minmay_misc_feat_hallway
D:3:      layout_basic, old_standard_altar, basic_ecumenical_altar, uniq_jessica
D:4:      layout_basic, tso_metal_star, serial_shops, shop, shop,
          nicolae_shop_trees, shop, nicolae_shop_window_shopping,
          portal_sewer_entry_b
D:5:      layout_rooms, general_overflow_altar, nicolae_vehumet_radiance,
          temple_hall, gup_ossuary_entry_pyramid, minmay_tree_intersection,
          kennysheep_opposing_triangles
D:6:      layout_basic, gammafunk_ghost_smash, kennysheep_cross_bottleneck
D:7:      layout_rooms, enter_bailey_3
Temple:   minmay_temple_bridge_abc
Bailey:   bailey_axe_of_yendor_kennysheep, bailey

Skill      XL: |  1  2  3  4  5  6  7  8  9 |
---------------+----------------------------+-----
Shields        | 4 5 6 7 8 |  8.6
Armour         | 4 5 6 7 8 |  8.3
Maces & Flails | 3 4 5 6 8 9 |  9.5
Fighting       | 4 5 6 |  6.4
Dodging        | 1 |  1.5
Stealth        | 1 |  1.0

Action                   |  1- 3 |  4- 6 |  7- 9 || total
-------------------------+-------+-------+-------++-------
Melee: Flail             |    76 |    85 |   292 ||   453
       Headbutt          |    10 |    21 |    83 ||   114
       Bite              |       |       |    18 ||    18
Invok: Heroism           |       |       |     1 ||     1
  Use: Scroll            |     1 |     3 |     6 ||    10
       Potion            |       |     5 |     4 ||     9
 Stab: Distracted        |       |       |     1 ||     1
Armor: Scale mail        |    31 |    22 |       ||    53
       Plate armour      |       |    13 |   165 ||   178
Dodge: Dodged            |    21 |    36 |    67 ||   124
Block: Kite shield       |    37 |    63 |   228 ||   328

Table legend: (Time is in decaauts)
 A = Elapsed time spent in this place.
 B = Non-inter-level travel time spent in this place.
 C = Inter-level travel time spent in this place.
 D = Time resting spent in this place.
 E = Time spent auto-exploring this place.
 F = Levels seen in this place.
 G = Mean time per level.
                   A        B        C        D        E       F      G
               +--------+--------+--------+--------+--------+-----+--------+
         Total |   7036 |   6954 |     82 |    214 |   4856 |  10 |  703.6 |
       Dungeon |   6355 |   6273 |     82 |     14 |   4616 |   7 |  907.9 |
        Temple |     52 |     52 |      0 |      0 |     12 |   1 |   52.0 |
       Ossuary |    483 |    483 |      0 |    200 |    159 |   1 |  483.0 |
        Bailey |    145 |    145 |      0 |      0 |     69 |   1 |  145.0 |
               +--------+--------+--------+--------+--------+-----+--------+

Top non-repeatable levels by time:
     D:6: 1448 daAuts
     D:4: 1343 daAuts
     D:3: 1113 daAuts
     D:5: 1040 daAuts
     D:1: 746 daAuts
 Ossuary: 483 daAuts
     D:2: 452 daAuts
     D:7: 211 daAuts
  Bailey: 145 daAuts
  Temple: 52 daAuts
